 Dungeon Crawl Stone Soup version 0.32-a0-460-gc8eefc90e7 (webtiles) character file.

Game seed: 18185342372945013562

73 Majang the Chopper (level 4, -1/34 HPs)
             Began as a Coglin Gladiator on Feb 24, 2024.
             Slain by a warg (16 damage)
             ... on level 4 of the Dungeon.
             The game lasted 00:15:30 (2303 turns).

Majang the Chopper (Coglin Gladiator)               Turns: 2303, Time: 00:15:30

Health: -1/34      AC:  8    Str: 16    XL:     4   Next: 27%
Magic:  4/4        EV: 11    Int:  7    God:
Gold:   128        SH:  0    Dex: 16    Spells: 3/3 levels left

rFire   . . .        a - +0 war axe {Jihoo}
rCold   . . .        f - +0 hand axe {Surjit}
rNeg    . . .        h - +0 ring mail
rPois   .            c - +0 helmet
rElec   .            m - scarf {shadows}
rCorr   .            u - +1 pair of gloves
SInv    .            (no boots)
Will    .....        (no amulet)
Stlth   +            (no ring)
HPRegen 0.25/turn    (no ring)
MPRegen 0.09/turn

%: no passive effects
@: immotile, revving
A: off-hand wielding, slow wielding, warmup strikes, legs shutdown
a: no special abilities


You were on level 4 of the Dungeon.
You visited 1 branch of the dungeon, and saw 4 of its levels.

You collected 128 gold pieces.

Inventory:

Hand Weapons
 a - a +0 war axe (weapon) {Jihoo}
 f - a +0 hand axe (offhand) {Surjit}
Missiles
 e - a javelin
 n - 5 poisoned darts
Armour
 c - a +0 helmet (worn)
 h - a +0 ring mail (worn)
 m - a scarf of shadows (worn)
 u - a +1 pair of gloves (worn)
Wands
 x - a wand of polymorph (7)
Scrolls
 g - a scroll of teleportation
Potions
 b - a potion of invisibility {unknown}
 i - a potion of attraction {unknown}
 k - 2 potions of brilliance
 l - 2 potions of curing
 o - a potion of degeneration {unknown}
 r - a potion of lignification {unknown}


   Skills:
 + Level 2.9 Fighting
 * Level 4.3 Axes
 - Level 0.4(2.4) Maces & Flails
 - Level 1.7 Throwing
 - Level 2.6 Dodging


You had 3 spell levels left.
You didn't know any spells.
Your spell library contained the following spells:

 Spells                   Type           Power      Damage    Failure   Level
 Static Discharge         Conj/Air       0%         3-3/arc   80%         2
 Airstrike                Air            0%         2d(0-16)  100%        4
 Summon Lightning Spire   Summ/Air       0%         N/A       100%        4


Dungeon Overview and Level Annotations

Branches:
Dungeon (4/15)
 Temple: D:4-7

Altars:

Shops:
D:1 :


Innate Abilities, Weirdness & Mutations

You can wield a second weapon in your off-hand.
It takes a long time for you to wield or remove held weapons.
Your first few attacks do less damage.
Attacking and casting redirects power from your legs.


Message History

Aim: an ogre, wielding a +0 giant spiked club (will become a brain worm, a warg, or a sky beast, chance to affect: 49%)
The ogre evaporates and reforms as a warg!
Okay, then.
Throw: 6 darts (poison)
Press: ? - help, Shift-Dir - straight line, f/p - warg
Aim: a warg (50% to hit)
You throw a poisoned dart.
The poisoned dart closely misses the warg.
Okay, then.
Throw: 3 throwing nets
Press: ? - help, Shift-Dir - straight line, f/p - warg
Aim: a warg (50% to hit)
You throw a throwing net.
The throwing net barely misses the warg.
The warg bites you but does no damage.
Throw: 2 throwing nets
Press: ? - help, Shift-Dir - straight line, f/p - warg
Aim: a warg (50% to hit)
You throw a throwing net.
The throwing net barely misses the warg.
The warg bites you.
Throw: throwing net
Press: ? - help, Shift-Dir - straight line, f/p - warg
Aim: a warg (50% to hit)
You throw a throwing net. The throwing net hits the warg.
The warg is caught in the net!
The warg struggles against the net. x2
You hit the warg but do no damage.
You catch the helpless warg completely off-guard!
You hit the warg with your +0 hand axe.
The warg struggles against the net.
The net rips apart, and the warg comes free!
You closely miss the warg with your +0 war axe.
The warg is lightly wounded.
You hit the warg but do no damage. The warg bites you!!
Ouch! That really hurt!
The warg closely misses you.
You hit the warg with your +0 war axe.
The warg is lightly wounded.
You hit the warg with your +0 hand axe. The warg bites you!
You die...

. ####... . .##.....
.. ...##.# #.##.##.#
#.......###
#.>.......#
#......?<.#
#.##......# ########
...........# #@h..)(#
#
.###.....#####.####.#
# ##.#..........#
...#.######.#.#
#####.# #.#.# ...
#.... ... ###.## ...
.# ##


You could see a warg.

Vanquished Creatures
  An adder (D:3)
  4 dart slugs
  9 ball pythons
  9 endoplasms
  6 hobgoblins
  2 jackals (D:1)
  3 kobolds
  A quokka (D:1)
  4 bats (D:1)
  A frilled lizard (D:1)
  5 goblins
  5 rats
50 creatures vanquished.

Notes
Turn   | Place    | Note
-------+----------+-------------------------------------------
     0 | D:1      | Majang the Coglin Gladiator began the quest for the Orb.
     0 | D:1      | Reached XP level 1. HP: 16/16 MP: 1/1
    59 | D:1      | Reached XP level 2. HP: 10/22 MP: 2/2
   232 | D:1      | Found Ocifir's Book Shop.
   393 | D:1      | Reached XP level 3. HP: 24/28 MP: 3/3
   750 | D:2      | Reached skill level 4 in Axes
  1353 | D:3      | Reached XP level 4. HP: 32/34 MP: 4/4
  2295 | D:4      | Noticed an ogre
  2296 | D:4      | an ogre changed into a warg
  2296 | D:4      | Noticed a warg
  2303 | D:4      | Slain by a warg

Illustrated notes

Levels and vault maps discovered:
D:1:      dpeg_arrival_rooms_b, layout_basic, serial_shops,
          nicolae_shop_waterfront
D:2:      layout_basic
D:3:      layout_basic, minmay_misc_feat_tiny
D:4:      layout_loops_cross, bloody_trog

Skill      XL: |  1  2  3 |
---------------+----------+-----
Axes           | 4 |  4.3
Fighting       | |  2.9
Maces & Flails | |  0.4
Throwing       | |  1.7
Dodging        | |  2.6

Action                     |  1- 3 |  4- 6 || total
---------------------------+-------+-------++-------
  Melee: War axe           |    56 |     9 ||    65
         Hand axe          |    51 |     8 ||    59
  Throw: Throwing net      |       |     3 ||     3
         Dart              |       |     1 ||     1
  Evoke: Wand              |       |     1 ||     1
    Use: Scroll            |       |    10 ||    10
   Stab: Held in net/web   |       |     1 ||     1
 Armour: Leather armour    |     6 |       ||     6
         Ring mail         |    31 |     7 ||    38
  Dodge: Dodged            |    32 |     2 ||    34

Table legend: (Time is in decaauts)
 A = Elapsed time spent in this place.
 B = Non-inter-level travel time spent in this place.
 C = Inter-level travel time spent in this place.
 D = Time resting spent in this place.
 E = Time spent auto-exploring this place.
 F = Levels seen in this place.
 G = Mean time per level.
                   A        B        C        D        E       F      G
               +--------+--------+--------+--------+--------+-----+--------+
         Total |   2317 |   2190 |    127 |    154 |    131 |   4 |  579.2 |
       Dungeon |   2317 |   2190 |    127 |    154 |    131 |   4 |  579.2 |
               +--------+--------+--------+--------+--------+-----+--------+

Top non-repeatable levels by time:
     D:3: 935 daAuts
     D:1: 696 daAuts
     D:2: 576 daAuts
     D:4: 110 daAuts
